 Dungeon Crawl Stone Soup version 0.22-a0-303-g4a852b3 (webtiles) character file.

91 Amnesiac the Gusty (level 4, 0/24 HPs)
             Began as a Tengu Air Elementalist on Mar 27, 2018.
             Slain by Crazy Yiuf
             ... wielding a +4 quarterstaff of chaos
              (11 damage)
             ... on level 2 of the Dungeon.
             The game lasted 00:01:33 (1639 turns).

Amnesiac the Gusty (Tengu Air Elementalist)         Turns: 1639, Time: 00:01:34

Health: 0/24       AC:  2    Str:  8    XL:     4   Next: 57%
Magic:  0/9        EV: 12    Int: 17    God:
Gold:   140        SH:  0    Dex: 14    Spells: 1/8 levels left

rFire    . . .     SeeInvis .   b - +2 dagger (flame)
rCold    . . .     Gourm    .   (no shield)
rNeg     . . .     Faith    .   a - +0 robe
rPois    .         Spirit   .   (helmet restricted)
rElec    .         Reflect  .   (no cloak)
rCorr    .         Harm     .   (no gloves)
MR       .....                  (boots unavailable)
Stlth    ++........             q - amulet of rage
HPRegen  0.08/turn              (no ring)
MPRegen  0.11/turn              (no ring)

@: slowed, very slow
A: beak, talons 3
a: Evoke Berserk Rage


You were on level 2 of the Dungeon.
You were not hungry.

You visited 1 branch of the dungeon, and saw 2 of its levels.

You collected 140 gold pieces.

Inventory:

Hand Weapons
 b - a +2 dagger of flaming (weapon)
Armour
 a - a +0 robe (worn)
Jewellery
 q - an amulet of rage (around neck)
Scrolls
 e - a scroll of enchant weapon {!r, unknown}
 h - a scroll of random uselessness {!r, unknown}
 k - a scroll of noise {!r, unknown}
 l - 2 scrolls of remove curse {!r, unknown}
 m - 2 scrolls of magic mapping {!r, unknown}
 o - a scroll of fog {!r, unknown}
 p - 2 scrolls of identify {!r, unknown}
 r - a scroll of fear {!r, unknown}
Potions
 d - a potion of haste {!q, unknown}
 g - 2 potions of brilliance {!q, unknown}
 i - a potion of heal wounds {!q, unknown}
 j - a potion of lignification {!q, unknown}
 n - a potion of flight {!q, unknown}
Comestibles
 c - 2 rations
 f - 3 chunks of flesh


   Skills:
 - Level 2.1 Dodging
 - Level 2.0 Stealth
 + Level 2.9 Spellcasting
 - Level 1.3 Conjurations
 * Level 6.1 Air Magic


You had one spell level left.
You knew the following spells:

 Your Spells              Type           Power        Failure   Level  Hunger
a - Shock                 Conj/Air       ###.         3%          1    #......
b - Swiftness             Chrm/Air       ##......     8%          2    ##.....
d - Airstrike             Air            ###.......   14%         4    #####..


Dungeon Overview and Level Annotations

Branches:
Dungeon (2/15)

Altars:

Annotations:
D:2 Crazy Yiuf


Innate Abilities, Weirdness & Mutations

You have a beak for a mouth.
You have claws for feet.


Message History

You see here a club. x2
There is a stone staircase leading down here.
Magic restored.
Some of the chunks of flesh in your inventory have rotted away.
You now have 140 gold pieces (gained 14).
Key pressed, stopping explore.
Casting: Shock (safe; 3% risk of failure)
Confirm with . or Enter, or press ? or * to list all spells.
You can't see any susceptible monsters within range! (Use Z to cast anyway.)
Casting: Shock (safe; 3% risk of failure)
Confirm with . or Enter, or press ? or * to list all spells.
You can't see any susceptible monsters within range! (Use Z to cast anyway.) Partly explored, unopened runed door.
Casting: Shock (safe; 3% risk of failure)
Confirm with . or Enter, or press ? or * to list all spells.
You can't see any susceptible monsters within range! (Use Z to cast anyway.) Partly explored, unopened runed door.
Casting: Shock (safe; 3% risk of failure)
Confirm with . or Enter, or press ? or * to list all spells.
You can't see any susceptible monsters within range! (Use Z to cast anyway.) Partly explored, unopened runed door.
Unknown command.
You open the door.
Crazy Yiuf the Enlightened comes into view.
He is wielding a quarterstaff of chaos.
Found a mace.
Crazy Yiuf shouts!
There is an open door here.
Casting: Shock (safe; 3% risk of failure)
Confirm with . or Enter, or press ? or * to list all spells.
Aiming: Airstrike (safe; 14% risk of failure)
Press: ? - help, Dir - move target cursor, f - Crazy Yiuf
Aim: Crazy Yiuf, wielding a quarterstaff of chaos and wearing a cloak The air twists around and strikes Crazy Yiuf!
Crazy Yiuf is moderately wounded.
Casting: Airstrike (safe; 14% risk of failure)
Confirm with . or Enter, or press ? or * to list all spells.
Aiming: Shock (safe; 3% risk of failure)
Press: ? - help, Shift-Dir - straight line, f/p - Crazy Yiuf
Aim: Crazy Yiuf, wielding a quarterstaff of chaos and wearing a cloak (moderately wounded)
The zap hits Crazy Yiuf.
Crazy Yiuf appears unharmed.
Crazy Yiuf is moderately wounded.
The zap hits Crazy Yiuf.
Crazy Yiuf is heavily wounded.
Crazy Yiuf says, "Blight!"
Crazy Yiuf hits you with a quarterstaff of chaos.
You feel your power leaking away.
Casting: Shock (safe; 3% risk of failure)
Confirm with . or Enter, or press ? or * to list all spells.
You don't have enough magic to cast that spell.
Casting: Shock (safe; 3% risk of failure)
Confirm with . or Enter, or press ? or * to list all spells.
You don't have enough magic to cast that spell.
Casting: Shock (safe; 3% risk of failure)
Confirm with . or Enter, or press ? or * to list all spells.
You don't have enough magic to cast that spell.
Unknown command.
You hit Crazy Yiuf. You burn Crazy Yiuf. You claw Crazy Yiuf.
Crazy Yiuf is severely wounded.
Crazy Yiuf hits you with a quarterstaff of chaos!
* * * LOW HITPOINT WARNING * * *
You feel yourself slow down.
Crazy Yiuf grits, "Fluff down forty-two!"
Crazy Yiuf hits you with a quarterstaff of chaos!
You die...

##### #)..#
#...#
######
#...#
.....# #'#
####.# #g##
####.# ##@#
...#.##
#.##
##..#.#####
##.#
#.###....#
##.##
#..#.#####
##...#
#.#.##
#P..P#
##.###
#....#
.....#
#####....#
####.#
#.......##


You could see Crazy Yiuf.

Vanquished Creatures
  An adder (D:2)
  3 oozes (D:1)
  A worm (D:2)
  2 dart slugs (D:1)
  2 leopard geckos
  3 giant cockroaches (D:2)
  5 goblins
  6 hobgoblins
  7 jackals (D:1)
  4 bats
  16 frilled lizards (D:1)
  6 kobolds
  6 rats (D:1)
62 creatures vanquished.

Notes
Turn   | Place    | Note
-------+----------+-------------------------------------------
     0 | D:1      | Amnesiac the Tengu Air Elementalist began the quest for the Orb.
     0 | D:1      | Reached XP level 1. HP: 10/10 MP: 4/4
    81 | D:1      | Reached XP level 2. HP: 15/15 MP: 0/6
   137 | D:1      | Learned a level 2 spell: Swiftness
   324 | D:1      | Reached skill level 5 in Air Magic
   324 | D:1      | Reached XP level 3. HP: 12/19 MP: 2/7
   765 | D:1      | Reached XP level 4. HP: 24/24 MP: 7/9
   771 | D:1      | Learned a level 4 spell: Airstrike
  1217 | D:2      | Found a runed door.
  1240 | D:2      | Reached skill level 6 in Air Magic
  1291 | D:2      | Found a faded altar of an unknown god.
  1633 | D:2      | Noticed Crazy Yiuf
  1639 | D:2      | Slain by Crazy Yiuf

Vault maps used:
D:1:      erik_arrival_gehennom, minmay_lizard_king
D:2:      chequers_ecumenical_altar_simple, uniq_crazy_yiuf_cottage

Skill      XL: |  1  2  3  4 |
---------------+-------------+-----
Air Magic      | 5 6 |  6.1
Dodging        | |  2.1
Stealth        | |  2.0
Spellcasting   | |  2.9
Conjurations   | |  1.3

Action                   |  1- 3 |  4- 6 || total
-------------------------+-------+-------++-------
Melee: Dagger            |    18 |     9 ||    27
       Peck              |     3 |       ||     3
       Unarmed           |     1 |       ||     1
       Kick              |     7 |     4 ||    11
 Cast: Shock             |    56 |    36 ||    92
       Airstrike         |       |     1 ||     1
  Eat: Chunk             |       |     3 ||     3
Armor: Robe              |     4 |     1 ||     5
Dodge: Dodged            |    20 |     9 ||    29

Table legend:
 A = Spawn XP
 B = Non-spawn XP
 C = Spawn XP percentage of total XP
 D = Spawn monster count
 E = Non-spawn monster count
 F = Spawn count percentage of total count
 G = Total turns spent on level
                    A         B        C        D         E        F      G
               +---------+---------+-------+---------+---------+-------+---------
         Total |       0 |     130 |   0.0 |       0 |      62 |   0.0 |  1639
               +---------+---------+-------+---------+---------+-------+---------
           D:1 |       0 |      89 |   0.0 |       0 |      47 |   0.0 |  1013
           D:2 |       0 |      41 |   0.0 |       0 |      15 |   0.0 |   626
               +---------+---------+-------+---------+---------+-------+---------
